cohdb
Replays
Latest Replays
All Replays
Popular Replays
Top Player Replays
Match Explorer
How It Works
Community
CoH3 Stats
Reddit
Sign in to upload your games and track your stats! →
Sign in with Steam
Match 41101671
Unlisted
Match 41101671
Overview
Messages
Build Orders
End
Scout Squad
Construct Barracks
1⁄4-ton 4x4 Truck
Riflemen Squad
Riflemen Squad
Infantry Support Center
Construct Medical Station
Selects Heavy Weapons
Selects Assault Carriers
Construct Motor Pool
M1 Anti-tank Gun Team
Selects Exchangeable Parts
Grenade Package
M8 Greyhound Armored Car
Riflemen Squad
M1918 Browning Automatic Rifles
Engineer Squad
Selects M2HB .50cal Heavy Machine Gun
M1 Anti-tank Gun Team
M1 Anti-tank Gun Team
M8 Greyhound Armored Car
Stana
aSIIDemolitionHammer
*Mule
FeriG
0
0
Comments
sign in to comment!
No comments posted yet!